 Dungeon Crawl Stone Soup version 0.31-a0-743-g45f7035092 (webtiles) character file.

Game seed: 4202548166046334911

250 Hubris850 the Changeling (level 6, -5/43 HPs)
             Began as a Merfolk Shapeshifter on Sept 12, 2023.
             Splashed by a jelly's acid (10 damage)
             ... in a sewer.
             The game lasted 00:06:59 (2591 turns).

Hubris850 the Changeling (Merfolk Shapeshifter)     Turns: 2591, Time: 00:07:01

Health: -5/43      AC: -10   Str: 14    XL:     6   Next: 13%
Magic:  6/6        EV: 11    Int: 11    God:
Gold:   128        SH:  5    Dex: 14    Spells: 5/5 levels left

rFire   . . .        h - +3 dagger (speed)
rCold   . . .        (no shield)
rNeg    . . .        f - +1 ring mail {rPois}
rPois   +            (helmet currently unavailable)
rElec   .            (cloak currently unavailable)
rCorr   .            (gloves currently unavailable)
SInv    .            (boots currently unavailable)
Will    .....        i - amulet of reflection
Stlth   +            (no ring)
HPRegen 0.27/turn    (no ring)
MPRegen 0.10/turn

%: reflection
@: beast-form, corroded, studying Spellcasting
A: beast (slay +3), (nimble swimmer 2), mertail
a: Begin Untransformation


You were in a sewer.
You were a hulking beast.
You visited 1 branch of the dungeon, and saw 3 of its levels.
You also visited: Sewer.

You collected 128 gold pieces.

Inventory:

Hand Weapons
 h - a +3 dagger of speed (weapon)
Armour
 a - a +0 animal skin
 e - a +1 leather armour
 f - a +1 ring mail of poison resistance (worn)
Jewellery
 i - an amulet of reflection (around neck)
Talismans
 c - a beast talisman (active)
 d - a flux talisman
 k - a dragon-blood talisman
Scrolls
 g - a scroll of vulnerability
 n - 2 scrolls of brand weapon {unknown}
 o - a scroll of poison
 p - a scroll of fog {unknown}
Potions
 b - 2 potions of lignification
 j - a potion of degeneration {unknown}
 l - 2 potions of curing {unknown}
 m - 2 potions of heal wounds {unknown}
 q - a potion of haste


   Skills:
 - Level 1.1 Fighting
 + Level 4.4 Short Blades
 - Level 3.3 Dodging
 - Level 3.4 Unarmed Combat
 + Level 6.3 Shapeshifting


You had 5 spell levels left.
You didn't know any spells.
Your spell library contained the following spells:

 Spells                   Type           Power      Damage    Failure   Level
 Necrotise                Necr           0%         1d4       58%         1
 Vampiric Draining        Necr           0%         2d6       91%         3
 Agony                    Necr           0%         N/A       100%        5


Dungeon Overview and Level Annotations

Branches:
Dungeon (3/15)              Sewer (1/1)

Altars:
Yredelemnul


Innate Abilities, Weirdness & Mutations

You are a hulking beast.
Your limbs bulge with bestial killing power. (Slay +3)
((You are very nimble when in or above water. (Stealth+, EV+, Speed+++)))
Your lower body shifts to a powerful aquatic tail in water.


Message History

The endoplasm is heavily wounded.
The endoplasm freezes you.
You are frozen.
You puncture the endoplasm!
You kill the endoplasm!
No target in view!
A jelly comes into view.
The jelly quivers.
You puncture the jelly! The acid corrodes you!
Your hands burn!
The jelly is heavily wounded.
You hit the jelly. The acid corrodes you!
Your hands burn!
The jelly is severely wounded.
The jelly barely misses you.
You barely miss the jelly.
The jelly is severely wounded.
You hit the jelly.
Your hands burn!
The jelly is severely wounded.
You block the jelly's attack.
You hit the jelly.
Your hands burn!
The jelly is severely wounded.
You completely miss the jelly. You punch the jelly, but do no damage.
The jelly is severely wounded.
The jelly hits you. The acid corrodes you!
You are splashed with acid.
You hit the jelly but do no damage.
Your hands burn!
The jelly is severely wounded.
You are too injured to fight recklessly!
You are too injured to fight recklessly!
You hit the jelly but do no damage.
Your hands burn!
The jelly is severely wounded.
The jelly closely misses you.
You hit the jelly but do no damage.
Your hands burn!
* * * LOW HITPOINT WARNING * * *
The jelly is severely wounded.
You hit the jelly but do no damage.
Your hands burn!
* * * LOW HITPOINT WARNING * * *
The jelly is severely wounded.
The jelly hits you.
* * * LOW HITPOINT WARNING * * *
The acid corrodes you!
You are splashed with acid!
You die...

#### ######## ##~.##
#####.......
##....#..##.~.~...†.†
#~..hJ.~.#.~...######
#~.##...##.~.###
#~..##.##.÷.##
##.~.###.~..#
##~..†..~.##
###.†....## #####
###~..~~..## #...~
##.~~..~~~~# #~...
##~~.....#.~~## ~.
#..##


You could see a jelly.

Vanquished Creatures
  2 jellies (Sewer)
  4 gnolls (D:2)
  3 adders
  4 river rats (Sewer)
  2 worms (D:2)
  A dart slug (D:2)
  An orc (D:3)
  12 ball pythons
  17 endoplasms
  3 giant cockroaches
  8 goblins
  5 hobgoblins
  3 jackals (D:1)
  3 kobolds (D:1)
  A quokka (D:1)
  3 frilled lizards
  8 rats
80 creatures vanquished.

Notes
Turn   | Place    | Note
-------+----------+-------------------------------------------
     0 | D:1      | Hubris850 the Merfolk Shapeshifter began the quest for the
                  | Orb.
     0 | D:1      | Reached XP level 1. HP: 15/15 MP: 1/1
   225 | D:1      | Reached XP level 2. HP: 20/21 MP: 2/2
   342 | D:1      | Reached skill level 1 in Short Blades
   563 | D:1      | Reached XP level 3. HP: 26/26 MP: 3/3
  1251 | D:2      | Reached XP level 4. HP: 15/32 MP: 4/4
  1261 | D:2      | Reached skill level 5 in Shapeshifting
  1410 | D:2      | Identified a scroll of acquirement
  1410 | D:2      | Acquired a manual of Spellcasting
  1829 | D:2      | Found a basalt altar of Yredelemnul.
  2187 | D:3      | Reached XP level 5. HP: 37/37 MP: 5/5
  2187 | D:3      | Found a glowing drain.
  2208 | Sewer    | Entered a sewer
  2361 | Sewer    | Reached skill level 6 in Shapeshifting
  2481 | Sewer    | Found a viscous altar of Jiyva.
  2490 | Sewer    | Reached XP level 6. HP: 30/43 MP: 6/6
  2591 | Sewer    | Splashed by a jelly's acid

Illustrated notes

Levels and vault maps discovered:
D:1:      nicolae_arrival_somewhat_less_tricky_arrival, layout_loops_ring,
          minmay_door_square, minmay_pentomino_x4
D:2:      layout_loops_ring, basic_altar, nicolae_elevator_lobby_plus
D:3:      layout_basic, palyth_temple_overflow_mages, portal_sewer_entry_a
Sewer:    sewer_hellmonk_slimy_pipes

Skill      XL: |  1  2  3  4  5 |
---------------+----------------+-----
Dodging        | 3 |  3.3
Short Blades   | 1 2 3 4 |  4.4
Shapeshifting  | 5 6 |  6.3
Fighting       | |  1.1
Unarmed Combat | |  3.4

Action                     |  1- 3 |  4- 6 || total
---------------------------+-------+-------++-------
  Melee: Dagger            |    76 |   158 ||   234
         Unarmed           |     3 |       ||     3
         Punch             |     1 |     4 ||     5
         Tailslap          |       |     2 ||     2
    Use: Scroll            |     8 |     3 ||    11
         Potion            |     1 |       ||     1
   Stab: Sleeping          |     1 |       ||     1
 Armour: Leather armour    |    12 |       ||    12
         Ring mail         |    12 |    38 ||    50
  Dodge: Dodged            |    35 |    34 ||    69
  Block: Other             |     3 |    17 ||    20
         Reflection        |     2 |       ||     2

Table legend: (Time is in decaauts)
 A = Elapsed time spent in this place.
 B = Non-inter-level travel time spent in this place.
 C = Inter-level travel time spent in this place.
 D = Time resting spent in this place.
 E = Time spent auto-exploring this place.
 F = Levels seen in this place.
 G = Mean time per level.
                   A        B        C        D        E       F      G
               +--------+--------+--------+--------+--------+-----+--------+
         Total |   2460 |   2337 |    123 |    283 |   1542 |   4 |  615.0 |
       Dungeon |   2127 |   2004 |    123 |    210 |   1387 |   3 |  709.0 |
         Sewer |    333 |    333 |      0 |     73 |    155 |   1 |  333.0 |
               +--------+--------+--------+--------+--------+-----+--------+

Top non-repeatable levels by time:
     D:2: 980 daAuts
     D:1: 950 daAuts
   Sewer: 333 daAuts
     D:3: 196 daAuts
